Map: Simulacrum LE

Players

Neeb - Winner!

  • Race: Protoss Protoss
  • Spawn Location: 5:00

ArT

  • Race: Protoss Protoss
  • Spawn Location: 11:00

Event: IEM Katowice 2020

VOD

Have the link to the VOD?

Description

Time

  • Played on: Feb. 24, 2020, 9:11 a.m.
  • Length: 7:46

All games in this series

Show
View Real Time Build Order
Export as new Build Order

Neeb Protoss - Winner!

Build Orders:  

Get SALT Encoding   

  12  0:00  Probe  
  13  0:12  Probe  
  14  0:17  Pylon  
  14  0:25  Probe (Chrono Boost)  
  15  0:37  Probe (Chrono Boost), Gateway  
  16  0:44  Probe (Chrono Boost)  
  16  0:47  Assimilator  
  17  0:51  Probe  
  17  0:55  Assimilator  
  18  1:03  Probe (Chrono Boost)  
  19  1:08  Gateway  
  19  1:13  Probe (Chrono Boost)  
  19  1:18  Probe (Chrono Boost)  
  20  1:24  Cybernetics Core  
  21  1:30  Probe  
  22  1:35  Pylon  
  22  1:42  Probe  
  24  1:54  Probe  
  24  1:58  Warp Gate (Chrono Boost)  
  24  2:00  Adept x2  
  28  2:04  Pylon  
  28  2:30  Stalker x2  
  32  2:45  Nexus  
  32  2:56  Probe  
  33  3:01  Sentry x2  
  37  3:08  Probe  
  37  3:09  Pylon  
  38  3:15  Pylon  
  38  3:20  Probe (Chrono Boost)  
  38  3:25  Twilight Council  
  39  3:32  Probe (Chrono Boost)  
  40  3:40  Probe (Chrono Boost)  
  41  3:41  Sentry, Stalker  
  41  3:46  Probe  
  46  3:58  Probe x2  
  46  4:02  Blink  
  48  4:10  Probe (Chrono Boost)  
  48  4:12  Adept x2  
  48  4:16  Probe (Chrono Boost)  
  54  4:22  Probe (Chrono Boost)  
  55  4:24  Forge  
  55  4:30  Probe (Chrono Boost)  
  55  4:31  Probe (Chrono Boost), Pylon  
  57  4:37  Probe  
  57  4:38  Probe  
  59  4:49  Protoss Ground Weapons Level 1 (Chrono Boost)  
  59  4:50  Probe  
  59  4:52  Gateway  
  60  4:54  Gateway  
  60  4:57  Gateway  
  56  5:03  Assimilator  
  56  5:05  Assimilator, Robotics Facility  
  56  5:07  Probe  
  56  5:11  Probe  
  58  5:14  Sentry  
  58  5:15  Stalker  
  58  5:19  Probe  
  63  5:23  Probe  
  64  5:34  Gateway  
  64  5:35  Gateway  
  64  5:36  Gateway  
  64  5:43  Stalker x2  
  68  5:53  Pylon  
  68  5:54  Warp Prism  
  70  6:06  Stalker  
  70  6:07  Stalker x2  
  70  6:10  Pylon  
  73  6:18  Probe  
  73  6:26  Nexus  
  73  6:30  Observer  
  74  6:35  Stalker x2  
  78  6:40  Photon Cannon  
  76  6:54  Stalker x3  
  82  7:07  Observer  
  83  7:16  Stalker x3  
  83  7:17  Stalker  
  83  7:20  Pylon  
  91  7:33  Stalker  
  91  7:36  Stalker  
Show
View Real Time Build Order
Export as new Build Order

ArT Protoss 

Build Orders: Phoenix Opening 

Get SALT Encoding   

  12  0:00  Probe  
  13  0:12  Probe  
  14  0:17  Pylon  
  14  0:24  Probe (Chrono Boost)  
  15  0:37  Probe (Chrono Boost), Gateway  
  16  0:45  Probe (Chrono Boost)  
  16  0:47  Assimilator  
  17  0:51  Probe  
  17  0:55  Assimilator  
  18  1:03  Probe  
  19  1:10  Gateway  
  19  1:15  Probe  
  20  1:24  Cybernetics Core  
  20  1:28  Probe  
  21  1:35  Pylon  
  21  1:40  Probe  
  22  1:52  Probe  
  23  2:01  Warp Gate, Sentry, Stalker  
  23  2:04  Probe  
  28  2:10  Pylon  
  28  2:16  Probe  
  29  2:31  Stalker x2  
  29  2:34  Probe  
  34  2:40  Phoenix  
  34  2:47  Probe  
  35  3:06  Nexus  
  35  3:12  Shield Battery  
  35  3:17  Probe  
  35  3:18  Pylon  
  35  3:29  Probe (Chrono Boost)  
  36  3:40  Probe (Chrono Boost), Forge  
  37  3:41  Twilight Council  
  37  3:46  Shield Battery  
  37  3:47  Probe  
  37  3:52  Sentry  
  40  3:59  Stalker  
  40  4:00  Probe (Chrono Boost)  
  43  4:03  Phoenix  
  44  4:11  Probe (Chrono Boost), Pylon  
  44  4:18  Protoss Ground Weapons Level 1  
  44  4:21  Probe (Chrono Boost)  
  44  4:23  Probe (Chrono Boost)  
  47  4:33  Probe x2 (Chrono Boost)  
  47  4:37  Probe (Chrono Boost)  
  47  4:38  Probe (Chrono Boost), Robotics Facility  
  50  4:49  Stalker x2  
  50  4:51  Shield Battery  
  50  4:58  Probe x2  
  50  4:59  Blink (Chrono Boost)  
  51  5:10  Probe  
  51  5:11  Probe  
  51  5:13  Sentry, Stalker  
  57  5:18  Assimilator  
  57  5:20  Assimilator  
  57  5:22  Probe  
  57  5:23  Probe  
  57  5:25  Observer  
  60  5:29  Pylon  
  60  5:34  Probe  
  60  5:35  Probe  
  62  5:37  Stalker  
  62  5:38  Stalker  
  66  5:46  Probe  
  67  5:54  Pylon  
  67  5:58  Gateway  
  65  6:06  Gateway, Sentry  
  65  6:07  Stalker  
  65  6:10  Probe  
  69  6:22  Pylon  
  69  6:24  Nexus  
  69  6:26  Pylon  
  69  6:44  Gateway  
  69  6:45  Gateway  
  69  6:53  Stalker x2  
  65  6:55  Stalker  
  67  7:01  Stalker  
  67  7:07  Immortal (Chrono Boost)  
  73  7:16  Stalker x2  
  77  7:27  Stalker x2  

Tags
 
Add a new tag
Caveats
  • Supply blocks, unpowered buildings, or Contaminate may cause inaccurate times.
  • Supply counts are checked every 10 seconds.